 Seeded DCSS version 0.28-a0-1033-g1a2f33fa85 (webtiles) character file.

Game seed: 3527403583651477610 (custom seed)

1265 croobank the Digger (level 8, -3/58 HPs)
             Began as a Gnoll Earth Elementalist on Dec 7, 2021.
             Was an Initiate of Qazlal.
             Succumbed to Ijyb's poison
             ... on level 5 of the Dungeon on Dec 8, 2021.
             The game lasted 01:05:20 (7174 turns).

croobank the Digger (Gnoll Earth Elementalist)      Turns: 7174, Time: 01:05:21

Health: -3/58      AC: 20    Str: 10    XL:     8   Next: 52%
Magic:  17/17      EV:  2    Int: 15    God:    Qazlal [......]
Gold:   159        SH:  0    Dex: 12    Spells: 15/19 levels left

rFire   + + .      SeeInvis .   a - +3 Elemental Staff {rElec rF++ rC++ AC+5}
rCold   + + +      Faith    .   (no shield)
rNeg    . . .      Spirit   .   e - +3 plate armour
rPois   .          Reflect  .   (no helmet)
rElec   +          Harm     .   j - +0 cloak
rCorr   +          Rampage  .   (no gloves)
Will    .....                   (no boots)
Stlth   ..........              (no amulet)
HPRegen 0.19/turn               o - ring of protection from cold
MPRegen 0.15/turn               s - ring of resist corrosion

@: lethally poisoned (-3 -> -27)
A: fangs 1, strong nose, distributed training
a: Renounce Religion


You were on level 5 of the Dungeon.
You worshipped Qazlal.
Qazlal was noncommittal.
You visited 2 branches of the dungeon, and saw 6 of its levels.

You collected 267 gold pieces.
You spent 108 gold pieces at shops.

Inventory:

Hand Weapons
 a - the +3 Elemental Staff (weapon) {rElec rF++ rC++ AC+5}
   (You found it on level 4 of the Dungeon)

   If the wielder is skilled in Evocations, they can discharge powerful blasts
   of elemental energy when striking with it.
   It enhances your fire, ice, earth and air magic.
   AC:        It affects your AC (+5).
   rF:        It greatly protects you from fire.
   rC:        It greatly protects you from cold.
   rElec:     It insulates you from electricity.
 b - a +0 vorpal hunting sling
 d - a +0 war axe
 k - a +0 falchion
 r - a +2 vampiric dagger
 v - a +2 dagger of venom
 E - a +0 rapier
 H - a +1 vorpal hand axe
Missiles
 c - 164 stones
 l - 14 javelins
 m - 13 sling bullets
 p - 12 poisoned darts
 q - 52 arrows
 y - 5 boomerangs
Armour
 e - a +3 plate armour (worn)
 j - a +0 cloak (worn)
 z - a +0 ring mail
 A - a +0 chain mail
 J - a +3 leather armour of poison resistance
 M - the +0 leather armour of the Game Afoot {Drain rC+ Str+7}
   (You found it on level 5 of the Dungeon)

   Str:       It affects your strength (+7).
   rC:        It protects you from cold.
   Drain:     It drains your maximum health when unequipped.
Magical Staves
 g - a staff of conjuration
 D - a staff of death
Jewellery
 o - a ring of protection from cold (left hand)
 s - a ring of resist corrosion (right hand)
 K - a ring of wizardry
 L - a ring of protection from cold
Wands
 G - a wand of mindburst (4)
 I - a wand of flame (4)
Scrolls
 f - 2 scrolls of fog {fog, unknown}
 h - a scroll of amnesia {amnesia, unknown}
 i - 2 scrolls of immolation {immolation, unknown}
 n - 4 scrolls of identify
 w - 3 scrolls of teleportation {teleportation, unknown}
 x - a scroll of noise {noise, unknown}
 B - a scroll of vulnerability {vulnerability, unknown}
 C - a scroll of blinking {blink, unknown}
Potions
 t - 2 potions of brilliance {brilliance, unknown}
 u - a potion of attraction {attraction, unknown}
 F - 2 potions of ambrosia {ambrosia, unknown}


   Skills:
 + Level 3.3 Fighting
 + Level 3.3 Short Blades
 + Level 3.3 Long Blades
 + Level 3.3 Axes
 + Level 3.3 Maces & Flails
 + Level 3.3 Polearms
 + Level 3.3 Staves
 + Level 3.3 Slings
 + Level 3.3 Bows
 + Level 3.3 Crossbows
 + Level 3.3 Throwing
 + Level 3.3 Armour
 + Level 5.7 Dodging
 + Level 5.4 Stealth
 + Level 3.3 Shields
 + Level 3.3 Unarmed Combat
 + Level 6.1 Spellcasting
 + Level 2.7 Conjurations
 + Level 2.7 Hexes
 + Level 2.7 Summonings
 + Level 2.7 Necromancy
 + Level 2.7 Translocations
 + Level 3.5 Transmutations
 + Level 2.7 Fire Magic
 + Level 2.7 Ice Magic
 + Level 2.7 Air Magic
 + Level 6.1 Earth Magic
 + Level 2.7 Poison Magic
 + Level 3.7 Invocations
 + Level 3.3 Evocations


You had 15 spell levels left.
You knew the following spells:

 Your Spells              Type           Power      Damage    Failure   Level
a - Sandblast             Erth           68%        2d15      99%         1
b - Stone Arrow           Conj/Erth      52%        3d10      100%        3

Your spell library contained the following spells:

 Spells                   Type           Power      Damage    Failure   Level
 Passwall                 Tmut/Erth      23%        N/A       100%        2
 Tukima's Dance           Hex            12%        N/A       100%        3
 Passage of Golubria      Tloc           12%        N/A       100%        4
 Petrify                  Tmut/Erth      28%        N/A       100%        4
 Yara's Violent Unravell  Hex/Tmut       7%         3d5       100%        5


Dungeon Overview and Level Annotations

Branches:
Dungeon (5/15)             Temple (1/1) D:4

Altars:
Ashenzari
Cheibriados
Dithmenos
Elyvilon
Fedhas
Hepliaklqana
Kikubaaqudgha
Makhleb
Nemelex Xobeh
Qazlal
Ru
Sif Muna
Wu Jian
Xom
Yredelemnul
Zin
The Shining One

Shops:
D:1 *   D:5 (

Annotations:
D:3 3 runed translucent doors, croobank's ghost, weakling GnEE
D:4 3 runed translucent doors, voltaire321's ghost, novice KoEE
D:5 Ijyb


Innate Abilities, Weirdness & Mutations

You have very sharp teeth.
Your uncanny sense of smell can sniff out nearby items.
Your experience applies equally to all skills.


Message History

Your +2 plate armour glows green for a moment.
Okay, then.
b - a +0 vorpal hunting sling (weapon)
Ijyb shouts!
Ijyb zaps a wand.
You struggle to resist.
Ijyb screams, "Me kill you!"
Fire: 14 sling bullets
Press: ? - help, Q - select action, (/) - cycle Shift-Dir - straight line, f - Ijyb
Aim: Ijyb, wielding a +2 dagger of venom, wearing a +0 ring mail and carrying a wand of mindburst (9) (50% to hit)
You shoot a sling bullet.
The sling bullet hits Ijyb but does no damage.
a - the +3 Elemental Staff (weapon)
{rElec rF++ rC++ AC+5} Ijyb hits you but does no damage.
You are poisoned.
You hit Ijyb but do no damage.
You feel sick.
Ijyb hits you with a +2 dagger of venom.
You are more poisoned.
You barely miss Ijyb.
You feel very sick. Ijyb hits you but does no damage.
You are more poisoned.
You barely miss Ijyb.
You feel very sick.
Ijyb hits you with a +2 dagger of venom.
You are more poisoned.
You hit Ijyb but do no damage.
You feel extremely sick.
Ijyb hits you with a +2 dagger of venom.
You hit Ijyb but do no damage.
You feel very sick. Ijyb hits you but does no damage.
You are lethally poisoned!
You hit Ijyb. You bite Ijyb, but do no damage.
Ijyb is lightly wounded.
You feel very sick.
Ijyb zaps a wand.
Your mind is blasted!
* * * LOW HITPOINT WARNING * * *
You barely miss Ijyb.
Ijyb is lightly wounded.
You die...

#.......# #......## #.###.
####..#.###.......###.....
##...#.##.....>...####...
#.................+......
##................##.....
##.##.###.......###.##..
####.####.....## #.#...
****####..........##
#.#.#. *,,,.......@##.#+##
#..... *,**.......g##.#.#
###.##
*,**.#....(.##.#.##### #.#
*,**,#.#...#.........# #.#
*,**,#,###.#.#....##.# #.#
*,,,,,,* #.#.#.....#.# #.#
****,*** #........##.# #.#
*,****###.###.###.####.#
*,,>,∆,...* ### #......#


You could see Ijyb.

Vanquished Creatures
  Grinder (D:3)
  Eustachio (D:4)
  Duvessa (D:5)
  A black bear (D:5)
  An ice beast (D:5)
  A necrophage (D:4)
  2 scorpions (D:5)
  Dowan (D:5)
  A centaur zombie (D:5)
  2 hounds
  Terence (D:3)
  An orc wizard (D:5)
  3 iguanas (D:5)
  Natasha (D:3)
  A hound skeleton (D:5)
  2 adders (D:5)
  4 gnolls (D:3)
  A worm (D:2)
  2 dart slugs (D:1)
  8 orcs
  3 endoplasms
  4 giant cockroaches
  7 goblins
  9 hobgoblins
  3 jackals (D:1)
  8 kobolds
  6 quokkas
  6 ball pythons
  7 bats
  2 frilled lizards
  9 rats
100 creatures vanquished.

Notes
Turn   | Place    | Note
-------+----------+-------------------------------------------
     0 | D:1      | croobank the Gnoll Earth Elementalist began the quest for
                  | the Orb.
     0 | D:1      | Reached XP level 1. HP: 13/13 MP: 6/6
   530 | D:2      | Found a shadowy altar of Dithmenos.
   859 | D:2      | Reached XP level 2. HP: 16/19 MP: 7/7
  1482 | D:3      | Noticed croobank's ghost (weakling GnEE)
  1482 | D:3      | Noticed a scorpion
  1488 | D:3      | Found a runed translucent gate.
  1488 | D:3      | Found a runed translucent gate.
  1490 | D:3      | Found a runed translucent gate.
  1508 | D:3      | Reached skill level 5 in Spellcasting
  1508 | D:3      | Reached skill level 1 in Invocations
  1508 | D:3      | Reached XP level 3. HP: 25/25 MP: 4/9
  1510 | D:3      | Reached skill level 1 in Fighting
  1510 | D:3      | Reached skill level 1 in Short Blades
  1510 | D:3      | Reached skill level 1 in Long Blades
  1510 | D:3      | Reached skill level 1 in Axes
  1510 | D:3      | Reached skill level 1 in Maces & Flails
  1510 | D:3      | Reached skill level 1 in Polearms
  1510 | D:3      | Reached skill level 1 in Staves
  1510 | D:3      | Reached skill level 1 in Slings
  1510 | D:3      | Reached skill level 1 in Bows
  1510 | D:3      | Reached skill level 1 in Crossbows
  1510 | D:3      | Reached skill level 1 in Throwing
  1510 | D:3      | Reached skill level 1 in Armour
  1510 | D:3      | Reached skill level 1 in Shields
  1510 | D:3      | Reached skill level 1 in Unarmed Combat
  1510 | D:3      | Reached skill level 1 in Evocations
  2231 | D:1      | Reached XP level 4. HP: 27/32 MP: 11/11
  2428 | D:1      | Found Eheaneh's General Store.
  2436 | D:1      | Bought 21 stones for 23 gold pieces
  2436 | D:1      | Bought a scroll of identify for 22 gold pieces
  2436 | D:1      | Bought 23 stones for 25 gold pieces
  2436 | D:1      | Bought a scroll of identify for 22 gold pieces
  2436 | D:1      | Bought a +0 hunting sling for 16 gold pieces
  3086 | D:3      | Reached skill level 1 in Conjurations
  3086 | D:3      | Reached skill level 1 in Hexes
  3086 | D:3      | Reached skill level 1 in Summonings
  3086 | D:3      | Reached skill level 1 in Necromancy
  3086 | D:3      | Reached skill level 1 in Translocations
  3086 | D:3      | Reached skill level 1 in Fire Magic
  3086 | D:3      | Reached skill level 1 in Ice Magic
  3086 | D:3      | Reached skill level 1 in Air Magic
  3086 | D:3      | Reached skill level 1 in Poison Magic
  3114 | D:3      | Reached XP level 5. HP: 37/37 MP: 12/12
  3468 | D:3      | Noticed Terence
  3484 | D:3      | Killed Terence
  3637 | D:3      | Found a faded altar of an unknown god.
  4007 | D:3      | Noticed Natasha
  4008 | D:3      | Noticed Grinder
  4015 | D:3      | Killed Natasha
  4017 | D:3      | Paralysed by Grinder for 2 turns
  4022 | D:3      | Paralysed by Grinder for 4 turns
  4031 | D:3      | Paralysed by Grinder for 7 turns
  4037 | D:3      | HP: 1/37 [Grinder (3)]
  4049 | D:3      | Killed Grinder
  4050 | D:3      | Reached skill level 5 in Dodging
  4050 | D:3      | Reached XP level 6. HP: 13/44 MP: 14/14
  4355 | D:4      | Found the +3 Elemental Staff {rElec rF++ rC++ AC+5}
  4513 | D:4      | Noticed Eustachio
  4855 | D:4      | Found a runed translucent gate.
  4855 | D:4      | Found a runed translucent gate.
  4856 | D:4      | Found a runed translucent gate.
  5015 | D:4      | Noticed voltaire321's ghost (novice KoEE)
  5398 | D:4      | Noticed a necrophage
  5405 | D:4      | Killed a necrophage
  5406 | D:4      | Reached XP level 7. HP: 47/50 MP: 15/15
  5624 | D:4      | Killed Eustachio
  5717 | D:4      | Found a staircase to the Ecumenical Temple.
  5728 | Temple   | Entered the Ecumenical Temple
  5797 | Temple   | Became a worshipper of Qazlal Stormbringer
  5958 | D:5      | Entered Level 5 of the Dungeon
  5958 | D:5      | Found Eniorohacs's Weapon Boutique.
  6015 | D:5      | Learned a level 3 spell: Stone Arrow
  6033 | D:5      | Reached skill level 5 in Stealth
  6202 | D:5      | Reached XP level 8. HP: 49/57 MP: 16/16
  6367 | D:5      | Noticed Dowan
  6369 | D:5      | Noticed Duvessa
  6385 | D:5      | Killed Duvessa
  6390 | D:5      | Killed Dowan
  6628 | D:5      | Identified the +0 leather armour of the Game Afoot {Drain
                  | rC+ Str+7}
  7144 | D:5      | Noticed Ijyb
  7173 | D:5      | HP: 2/58 [disintegration (19)]
  7174 | D:5      | Succumbed to Ijyb's poison

Illustrated notes

Levels and vault maps discovered:
D:1:      dpeg_arrival_chambers_temple_mockup, layout_loops_ring, serial_shops,
          shop_fountains
D:2:      mumra_celtic_spiral_tile, layout_basic, basic_altar
D:3:      layout_basic, hellmonk_ecumenical_altar_crossroads,
          gammafunk_ghost_split, uniq_terence, uniq_natasha, uniq_grinder
D:4:      layout_basic, temple_hall, gammafunk_ghost_split, uniq_eustachio
D:5:      layout_loops_corners, nicolae_stop_n_shop_2, uniq_ijyb, uniq_duvessa
Temple:   mainiacjoe_temple_bowtie_tessellation

Skill      XL: |  1  2  3  4  5  6  7  8 |
---------------+-------------------------+-----
Transmutations | 2 3 |  3.5
Spellcasting   | 5 6 |  6.1
Invocations    | 1 2 3 |  3.7
Fighting       | 1 2 3 |  3.3
Short Blades   | 1 2 3 |  3.3
Long Blades    | 1 2 3 |  3.3
Axes           | 1 2 3 |  3.3
Maces & Flails | 1 2 3 |  3.3
Polearms       | 1 2 3 |  3.3
Staves         | 1 2 3 |  3.3
Slings         | 1 2 3 |  3.3
Bows           | 1 2 3 |  3.3
Crossbows      | 1 2 3 |  3.3
Throwing       | 1 2 3 |  3.3
Armour         | 1 2 3 |  3.3
Shields        | 1 2 3 |  3.3
Unarmed Combat | 1 2 3 |  3.3
Evocations     | 1 2 3 |  3.3
Conjurations   | 1 2 |  2.7
Hexes          | 1 2 |  2.7
Summonings     | 1 2 |  2.7
Necromancy     | 1 2 |  2.7
Translocations | 1 2 |  2.7
Fire Magic     | 1 2 |  2.7
Ice Magic      | 1 2 |  2.7
Air Magic      | 1 2 |  2.7
Poison Magic   | 1 2 |  2.7
Dodging        | 5 |  5.7
Stealth        | 5 |  5.4
Earth Magic    | 6 |  6.1

Action                   |  1- 3 |  4- 6 |  7- 9 || total
-------------------------+-------+-------+-------++-------
Melee: Unarmed           |    23 |    15 |       ||    38
       Staff             |    33 |    43 |   119 ||   195
       Bite              |     5 |    11 |    11 ||    27
       Dagger            |    25 |    84 |       ||   109
       Punch             |     1 |       |       ||     1
 Fire: Hunting sling     |       |    50 |    23 ||    73
 Cast: Sandblast         |    15 |     5 |     3 ||    23
  Use: Potion            |       |     3 |       ||     3
       Scroll            |       |       |     5 ||     5
 Stab: Sleeping          |     3 |     7 |       ||    10
       Distracted        |       |     1 |       ||     1
Armor: Leather armour    |    34 |    28 |       ||    62
       Ring mail         |       |     2 |    61 ||    63
       Plate armour      |       |       |     3 ||     3
Dodge: Dodged            |    70 |    83 |    94 ||   247

Table legend: (Time is in decaauts)
 A = Elapsed time spent in this place.
 B = Non-inter-level travel time spent in this place.
 C = Inter-level travel time spent in this place.
 D = Time resting spent in this place.
 E = Time spent auto-exploring this place.
 F = Levels seen in this place.
 G = Mean time per level.
                   A        B        C        D        E       F      G
               +--------+--------+--------+--------+--------+-----+--------+
         Total |   7178 |   7094 |     84 |   1198 |   3612 |   6 | 1196.3 |
       Dungeon |   7056 |   6985 |     71 |   1198 |   3540 |   5 | 1411.2 |
        Temple |    121 |    108 |     13 |      0 |     72 |   1 |  121.0 |
               +--------+--------+--------+--------+--------+-----+--------+

Top non-repeatable levels by time:
     D:2: 1685 daAuts
     D:4: 1481 daAuts
     D:3: 1350 daAuts
     D:1: 1320 daAuts
     D:5: 1218 daAuts
  Temple: 121 daAuts
